[Event "Balkan Youth Online-ch 2020"]
[Site "Online"]
[Date "2020.10.31"]
[Round "5.18"]
[White "Ramaj, Ergit"]
[Black "Ivanov, Svetlen"]
[Result "1-0"]
[ECO "E18"]
[WhiteElo "1444"]
[BlackElo "1781"]
[Annotator "NA"]
[PlyCount "25"]
[EventDate "2020.10.31"]
[EventType "swiss"]
[SourceTitle "playchess.com"]
[Source "ChessBase"]
[SourceQuality "1"]
[TimeControl "1500+5"]

1. Nf3 Nf6 2. d4 e6 3. c4 b6 4. g3 Bb7 5. Bg2 c5 6. O-O Be7 7. Nc3 O-O 8. d5 d6 9. dxe6 fxe6 10. Bh3 e5 11. Ng5 Bc8 12. Bg2 h6 13. Nge4 1-0

[Event "Balkan Youth Online-ch 2020"]
[Site "Online"]
[Date "2020.10.31"]
[Round "5.20"]
[White "Kalin, Andrei"]
[Black "Cvetkovski, Gjorgji"]
[Result "1/2-1/2"]
[ECO "C56"]
[WhiteElo "1426"]
[BlackElo "1332"]
[Annotator "NA"]
[PlyCount "99"]
[EventDate "2020.10.31"]
[EventType "swiss"]
[SourceTitle "playchess.com"]
[Source "ChessBase"]
[SourceQuality "1"]
[TimeControl "1500+5"]

1. e4 e5 2. Nf3 Nc6 3. d4 exd4 4. Bc4 Nf6 5. e5 d5 6. Bb5 Ne4 7. Nxd4 Bd7 8. Bxc6 bxc6 9. O-O Bc5 10. f3 Ng5 11. Be3 Bb6 12. f4 Ne4 13. Nc3 Nxc3 14. bxc3 c5 15. Nb3 c4 16. Nd4 c5 17. Nf3 Bc6 18. Bf2 O-O 19. Re1 Re8 20. Qe2 Qc7 21. Rad1 Rad8 22. Nh4 Qc8 23. f5 d4 24. cxd4 cxd4 25. Qxc4 Bd5 26. Qxc8 Rxc8 27. Bxd4 Bxd4+ 28. Rxd4 Bxa2 29. Ra4 Rxc2 30. Rxa7 Bd5 31. Rd7 Bc6 32. Rc7 h6 33. Nf3 Be4 34. Rxc2 Bxc2 35. f6 gxf6 36. exf6 Rxe1+ 37. Nxe1 Bb3 38. Kf2 Kh7 39. Ke3 Kg6 40. Kf4 Kxf6 41. Nf3 Bd5 42. g3 Bxf3 43. Kxf3 Kg5 44. h3 f6 45. Ke4 h5 46. Kf3 h4 47. gxh4+ Kxh4 48. Kf4 Kxh3 49. Kf5 Kh4 50. Kxf6 1/2-1/2

[Event "Balkan Youth Online-ch 2020"]
[Site "Online"]
[Date "2020.10.31"]
[Round "5.21"]
[White "Markov, Daniel"]
[Black "Dragicevic, Niksa"]
[Result "1-0"]
[ECO "C62"]
[WhiteElo "1386"]
[BlackElo "1068"]
[Annotator "NA"]
[PlyCount "133"]
[EventDate "2020.10.31"]
[EventType "swiss"]
[SourceTitle "playchess.com"]
[Source "ChessBase"]
[SourceQuality "1"]
[TimeControl "1500+5"]

1. e4 e5 2. Nf3 Nc6 3. Bb5 d6 4. Bxc6+ bxc6 5. d4 exd4 6. Nxd4 Bb7 7. Nc3 Nf6 8. Bg5 Be7 9. Qe2 Nd7 10. Bxe7 Qxe7 11. Nf5 Qe5 12. f4 Qf6 13. g4 O-O 14. h4 g6 15. g5 Qd8 16. Nh6+ Kh8 17. h5 d5 18. hxg6 fxg6 19. exd5 Qe8 20. O-O-O Qxe2 21. Nxe2 cxd5 22. Rh2 Nb6 23. Ng4 Nd7 24. Nh6 Nb6 25. b3 Rae8 26. Ng4 Nd7 27. Nh6 Nb6 28. Kd2 Ba6 29. Ng4 Bxe2 30. Nf6 Re7 31. Rxe2 Rxe2+ 32. Kxe2 c6 33. Rh1 Rf7 34. Kd3 Nd7 35. Nxd7 Rxd7 36. Kd4 Rc7 37. Kc5 Rf7 38. Rf1 Rf8 39. Kd6 Kg7 40. Kxc6 Rc8+ 41. Kxd5 Rxc2 42. Rf3 Rd2+ 43. Kc5 Rxa2 44. b4 Rc2+ 45. Kb5 Rc8 46. Ka6 Rc7 47. b5 Kf7 48. Rd3 Ke6 49. Rd8 Re7 50. Ra8 Rf7 51. Rxa7 Rxf4 52. b6 Kd6 53. Rxh7 Kc6 54. Rc7+ Kd6 55. Ka7 Rb4 56. Kb7 Rb5 57. Rc6+ Kd7 58. Rxg6 Rc5 59. Rg7+ Kd8 60. Kb8 Rb5 61. b7 Ra5 62. g6 Ra1 63. Rc7 Rg1 64. g7 Rg2 65. g8=Q+ Rxg8 66. Rc8+ Kd7 67. Rxg8 1-0

[Event "Balkan Youth Online-ch 2020"]
[Site "Online"]
[Date "2020.10.31"]
[Round "5.24"]
[White "Creanga, Robert-Ionut"]
[Black "Zlatkov, Anton"]
[Result "1-0"]
[ECO "E89"]
[WhiteElo "2053"]
[BlackElo "2032"]
[Annotator "ChessBase"]
[PlyCount "59"]
[EventDate "2020.10.31"]
[EventType "swiss"]
[SourceTitle "playchess.com"]
[Source "ChessBase"]
[SourceQuality "1"]
[TimeControl "1500+5"]

1. d4 Nf6 2. c4 g6 3. f3 Bg7 4. e4 d6 5. Nc3 O-O 6. Be3 e5 7. Nge2 c6 8. d5 cxd5 9. cxd5 a6 10. g4 b5 11. Ng3 Nbd7 12. h4 Nb6 13. h5 Bd7 14. Qd2 Rc8 15. g5 Ne8 16. Qh2 f6 17. hxg6 hxg6 18. Qh7+ Kf7 19. Rh6 Ke7 20. Rxg6 Rf7 21. Nh5 Bf8 22. Qg8 f5 23. Rf6 Nxf6 24. gxf6+ Ke8 25. Ng7+ Rxg7 26. fxg7 Qh4+ 27. Bf2 Qf6 28. gxf8=Q+ Qxf8 29. Qxf8+ Kxf8 30. Bxb6 1-0

[Event "Balkan Youth Online-ch 2020"]
[Site "Online"]
[Date "2020.10.31"]
[Round "5.25"]
[White "Erdogan, Tekin Alp"]
[Black "Stamatiou, Rodolfos"]
[Result "0-1"]
[ECO "D02"]
[WhiteElo "1828"]
[BlackElo "2015"]
[Annotator "ChessBase"]
[PlyCount "148"]
[EventDate "2020.10.31"]
[EventType "swiss"]
[SourceTitle "playchess.com"]
[Source "ChessBase"]
[SourceQuality "1"]
[TimeControl "1500+5"]

1. d4 Nf6 2. Bf4 d5 3. Nf3 c5 4. e3 Nc6 5. c3 Qb6 6. Qc1 Bf5 7. Be2 h6 8. h3 e6 9. O-O g5 10. Bg3 Ne4 11. Bh2 h5 12. Nfd2 cxd4 13. Nxe4 Bxe4 14. exd4 Rc8 15. Qd2 g4 16. hxg4 hxg4 17. Bxg4 Bh6 18. Qe2 Kd7 19. Nd2 Bxd2 20. Qxd2 Rcg8 21. Qf4 Rh4 22. Qxf7+ Ne7 23. f3 Rgh8 24. fxe4 Rxh2 25. Bh3 R8xh3 26. gxh3 Qxb2 27. Qf3 dxe4 28. Qxe4 Rxh3 29. Qf4 Qxc3 30. Rac1 Qg3+ 31. Qxg3 Rxg3+ 32. Kf2 Ra3 33. Ra1 Nf5 34. Rfd1 Kd6 35. Rd2 Kd5 36. Rb1 b6 37. Rb4 Nd6 38. Ke1 Nc4 39. Rh2 Re3+ 40. Kd1 a5 41. Rb5+ Kxd4 42. Rh4+ Re4 43. Rh3 Ne3+ 44. Kd2 Nc4+ 45. Kd1 Ne3+ 46. Kc1 Nd5 47. Rbb3 Rg4 48. Rhd3+ Kc5 49. Rd2 Rg1+ 50. Kb2 a4 51. Rc2+ Kd6 52. Rb5 Rg3 53. Rc1 Re3 54. Rc2 a3+ 55. Kc1 Rg3 56. Kd1 Ne3+ 57. Kc1 Nxc2 58. Kxc2 Rg2+ 59. Kc3 Rb2 60. Rh5 Rxa2 61. Kb3 Ra1 62. Rg5 Rc1 63. Kxa3 Rc5 64. Rg4 Kd5 65. Kb4 e5 66. Rg6 Rc6 67. Rg4 e4 68. Rg1 e3 69. Re1 Ke4 70. Kb5 Rc8 71. Kxb6 Kf3 72. Rh1 e2 73. Kb7 Re8 74. Rh3+ Kg2 0-1

[Event "Balkan Youth Online-ch 2020"]
[Site "Online"]
[Date "2020.10.31"]
[Round "5.26"]
[White "Yavuz, Efe Metehan"]
[Black "Gregoric, Andraz"]
[Result "1-0"]
[ECO "C68"]
[WhiteElo "1981"]
[BlackElo "2037"]
[Annotator "ChessBase"]
[PlyCount "73"]
[EventDate "2020.10.31"]
[EventType "swiss"]
[SourceTitle "playchess.com"]
[Source "ChessBase"]
[SourceQuality "1"]
[TimeControl "1500+5"]

1. e4 e5 2. Nf3 Nc6 3. Bb5 a6 4. Bxc6 dxc6 5. O-O Qd6 6. Na3 Be6 7. Qe2 Be7 8. Rd1 O-O-O 9. c3 Bg4 10. h3 Bxf3 11. Qxf3 Qd3 12. Qxf7 Qxe4 13. d3 Rxd3 14. Qe8+ Rd8 15. Rxd8+ Bxd8 16. Bg5 Qd5 17. Nc4 e4 18. Ne5 h6 19. Bxd8 Qxd8 20. Qxd8+ Kxd8 21. Nf7+ Ke8 22. Nxh8 Ne7 23. Re1 Kf8 24. Rxe4 Kg8 25. Rxe7 Kxh8 26. f4 h5 27. f5 a5 28. Kf2 c5 29. Ke3 b5 30. Kf4 b4 31. Kg5 Kh7 32. f6 bxc3 33. bxc3 c4 34. Rxg7+ Kh8 35. Kg6 h4 36. f7 c5 37. Rg8# 1-0

[Event "Balkan Youth Online-ch 2020"]
[Site "Online"]
[Date "2020.10.31"]
[Round "5.27"]
[White "Skrbec, Leon"]
[Black "Djurovic, Peko"]
[Result "0-1"]
[ECO "B33"]
[WhiteElo "1964"]
[BlackElo "2074"]
[Annotator "ChessBase"]
[PlyCount "74"]
[EventDate "2020.10.31"]
[EventType "swiss"]
[SourceTitle "playchess.com"]
[Source "ChessBase"]
[SourceQuality "1"]
[TimeControl "1500+5"]

1. e4 c5 2. Nf3 Nc6 3. d4 cxd4 4. Nxd4 Nf6 5. Nc3 e5 6. Ndb5 d6 7. Bg5 a6 8. Na3 b5 9. Nd5 Be7 10. Bxf6 Bxf6 11. c4 b4 12. Nc2 O-O 13. g3 Bg5 14. Bg2 a5 15. O-O Be6 16. b3 Kh8 17. f4 exf4 18. gxf4 Bf6 19. Nxf6 gxf6 20. Kh1 Qc7 21. Qd2 Rg8 22. Rad1 Rad8 23. Ne3 Rg7 24. f5 Bc8 25. Nd5 Qa7 26. Nxf6 Ne5 27. Nh5 Rg4 28. Qh6 Qe7 29. h3 Rxg2 30. Kxg2 Rg8+ 31. Kh1 Ng4 32. hxg4 Qxe4+ 33. Kh2 Qe2+ 34. Rf2 Qxf2+ 35. Kh3 Qf3+ 36. Kh2 Qe2+ 37. Kh3 Qxg4+ 0-1

[Event "Balkan Youth Online-ch 2020"]
[Site "Online"]
[Date "2020.10.31"]
[Round "5.30"]
[White "Farmakoski, Georg"]
[Black "Herega, Nejc"]
[Result "0-1"]
[ECO "A46"]
[WhiteElo "1481"]
[BlackElo "2052"]
[Annotator "ChessBase"]
[PlyCount "100"]
[EventDate "2020.10.31"]
[EventType "swiss"]
[SourceTitle "playchess.com"]
[Source "ChessBase"]
[SourceQuality "1"]
[TimeControl "1500+5"]

1. d4 Nf6 2. Nf3 e6 3. g3 d5 4. Bg2 b5 5. O-O Bb7 6. b3 Bd6 7. Bb2 O-O 8. Nbd2 Nbd7 9. Ne5 Ne4 10. a4 f6 11. Nxd7 Qxd7 12. Nxe4 dxe4 13. Ba3 bxa4 14. Bxd6 cxd6 15. Rxa4 d5 16. Qd2 Rfc8 17. Rc1 Rc6 18. c4 a6 19. e3 Rac8 20. c5 e5 21. Ra2 f5 22. b4 f4 23. exf4 exf4 24. Qxf4 Rf8 25. Qe3 Rcf6 26. Rcc2 Rf3 27. Qe1 h5 28. Rc3 R3f6 29. Rb2 Bc6 30. Ra3 Bb5 31. Re3 h4 32. Qd1 h3 33. Bf1 Bxf1 34. Qxf1 Qg4 35. Qe2 Rxf2 36. Qxf2 Rxf2 37. Kxf2 Qd1 38. Reb3 Qxd4+ 39. Ke2 Qc4+ 40. Kd2 d4 41. Ke1 e3 42. Rb1 d3 43. b5 axb5 44. Rxb5 Qc2 45. Rb8+ Kh7 46. Rd1 Qc3+ 47. Kf1 e2+ 48. Kf2 exd1=Q 49. c6 Qe2+ 50. Kg1 Qce1# 0-1

[Event "Balkan Youth Online-ch 2020"]
[Site "Online"]
[Date "2020.10.31"]
[Round "5.31"]
[White "Xhembulla, Aleksander"]
[Black "Smirnov, Grigorii"]
[Result "1-0"]
[ECO "B19"]
[WhiteElo "1739"]
[BlackElo "1413"]
[Annotator "NA"]
[PlyCount "137"]
[EventDate "2020.10.31"]
[EventType "swiss"]
[SourceTitle "playchess.com"]
[Source "ChessBase"]
[SourceQuality "1"]
[TimeControl "1500+5"]

1. e4 c6 2. d4 d5 3. Nc3 dxe4 4. Nxe4 Bf5 5. Ng3 Bg6 6. h4 h6 7. Nf3 Nd7 8. h5 Bh7 9. Bd3 Bxd3 10. Qxd3 Ngf6 11. Bd2 e6 12. O-O-O Bd6 13. Ne4 Nxe4 14. Qxe4 Nf6 15. Qe2 a5 16. c4 a4 17. Ne5 a3 18. b3 Qc7 19. Kb1 Nd7 20. Nxd7 Qxd7 21. Qg4 Bf8 22. Rhe1 O-O-O 23. Ba5 Re8 24. d5 e5 25. Qf3 c5 26. Bd2 Bd6 27. Bc1 f5 28. Bxa3 Rhf8 29. Qe2 b6 30. Bb2 Kc7 31. Bc3 f4 32. g4 f3 33. Qb2 Qxg4 34. Rg1 Qf5+ 35. Ka1 Re7 36. Qa3 Kb7 37. Rg6 Rf6 38. Rxf6 Qxf6 39. Rg1 Qf5 40. Rg6 Qd7 41. Qb2 Kc7 42. Qc2 Qh3 43. Rxd6 Kxd6 44. Qg6+ Kd7 45. Qc6+ Kd8 46. Qxb6+ Ke8 47. Qg6+ Kf8 48. d6 Rd7 49. Bb2 Qf1+ 50. Qb1 Qxb1+ 51. Kxb1 Rxd6 52. Bxe5 Rd2 53. Bg3 Kf7 54. a4 Ke7 55. Kc1 Ra2 56. Kb1 Rd2 57. Kc1 Rd8 58. Bh4+ Kd7 59. Bxd8 Kxd8 60. Kd2 Kc7 61. Ke3 Kb6 62. Kxf3 Ka5 63. Ke4 Kb4 64. Kd5 Kxb3 65. a5 Kc3 66. a6 Kd2 67. a7 Ke2 68. a8=Q Kxf2 69. Qf8+ 1-0

[Event "Balkan Youth Online-ch 2020"]
[Site "Online"]
[Date "2020.10.31"]
[Round "5.32"]
[White "Dobre, Radu-Fabian"]
[Black "Guri, Adrian"]
[Result "1-0"]
[ECO "B27"]
[WhiteElo "2050"]
[BlackElo "1611"]
[Annotator "ChessBase"]
[PlyCount "51"]
[EventDate "2020.10.31"]
[EventType "swiss"]
[SourceTitle "playchess.com"]
[Source "ChessBase"]
[SourceQuality "1"]
[TimeControl "1500+5"]

1. e4 c5 2. Nf3 g6 3. c3 Bg7 4. d4 cxd4 5. cxd4 d5 6. e5 Bg4 7. Bb5+ Nd7 8. h3 Bxf3 9. Qxf3 a6 10. Bd3 e6 11. O-O Qb6 12. Be3 Qxb2 13. Nd2 Qc3 14. Qe2 Ne7 15. Rfc1 Qa5 16. Nb3 Qd8 17. Bg5 O-O 18. Bxe7 Qxe7 19. Rc7 b5 20. Nc5 Rfd8 21. a4 Rac8 22. Rb7 Rb8 23. axb5 axb5 24. Raa7 Rxb7 25. Rxb7 Kf8 26. Bxb5 1-0

[Event "Balkan Youth Online-ch 2020"]
[Site "Online"]
[Date "2020.10.31"]
[Round "5.33"]
[White "Dafa, Sirio"]
[Black "Oltean, Cristian-Daniel"]
[Result "0-1"]
[ECO "B01"]
[WhiteElo "1004"]
[BlackElo "2001"]
[Annotator "NA"]
[PlyCount "90"]
[EventDate "2020.10.31"]
[EventType "swiss"]
[SourceTitle "playchess.com"]
[Source "ChessBase"]
[SourceQuality "1"]
[TimeControl "1500+5"]

1. e4 d5 2. exd5 Nf6 3. d4 Bg4 4. Be2 Bxe2 5. Nxe2 Qxd5 6. O-O Nc6 7. Na3 {[%emt 0:02:00] B01: Scandinavian Defence.} O-O-O 8. c4 Qh5 9. Nc2 {[%emt 0:01:25] [#]} g5 $146 ({Predecessor:} 9... e6 10. Bf4 g5 11. Bg3 Qg6 12. b4 Ne4 13. b5 Nxg3 14. bxc6 Nxf1 15. cxb7+ Kb8 16. Kxf1 {0-1 (69) Zareba,R (2093)-Janiszewski,M (2129) Jastrzebia Gora 2016}) 10. Nc3 Qg6 11. d5 e6 12. Ne3 (12. Nd4 $5 Nb4 13. a3 $14 (13. dxe6 $2 c5 $17)) 12... exd5 13. cxd5 Bc5 14. Qa4 Ne7 15. Rd1 (15. b4 $1 $11 Bxe3 16. Bxe3) 15... Rd7 16. b4 Bb6 17. d6 Rxd6 18. Rxd6 cxd6 19. Nc4 Kb8 20. Nxb6 axb6 21. Nb5 Nc6 22. Be3 Nd5 23. Rc1 Nxe3 24. fxe3 Qe4 25. Kf2 Qxb4 $2 ({Black should try} 25... Re8 $19 26. Rc3 Re5) 26. Qxb4 Nxb4 27. Rd1 Rd8 28. a3 Nc6 29. Rxd6 Rxd6 30. Nxd6 Ne5 31. e4 Kc7 32. Nb5+ (32. Ne8+ $17 {is a better defense.} Kc6 33. Nf6) 32... Kc6 33. a4 $19 Kc5 34. h3 Kb4 35. Nd6 Kxa4 36. Nxb7 b5 37. Nc5+ Ka3 38. Ke3 b4 39. Kd4 Nc6+ 40. Kc4 Na5+ 41. Kd3 b3 42. Kc3 b2 43. Kc2 Ka2 44. Na4 b1=Q+ 45. Kd2 Qb4+ 0-1

[Event "Balkan Youth Online-ch 2020"]
[Site "Online"]
[Date "2020.10.31"]
[Round "5.38"]
[White "Padurariu, Mihai-Edward"]
[Black "Kilic, Gokturk Kagan"]
[Result "0-1"]
[ECO "C27"]
[WhiteElo "2084"]
[BlackElo "2084"]
[Annotator "NA"]
[PlyCount "80"]
[EventDate "2020.10.31"]
[EventType "swiss"]
[SourceTitle "playchess.com"]
[Source "ChessBase"]
[SourceQuality "1"]
[TimeControl "1500+5"]

1. e4 e5 2. Bc4 Nf6 3. Nc3 Nxe4 4. Qh5 Nd6 5. Bb3 Be7 6. Qxe5 O-O {[%emt 0:00:08] C27: Vienna Game: 2...Nf6 3 Bc4 Nxe4.} 7. d3 c6 {[%emt 0:03:09] [#]} 8. Nge2 $146 ({Predecessor:} 8. d4 b5 9. Nf3 a5 10. a3 Ba6 11. O-O Nc8 12. Ne4 d5 13. Ng3 Nd7 14. Qf4 {½-½ (30) Lomasov,S (2450)-Goganov,A (2632) Moscow 2017}) 8... Ne8 9. O-O d5 10. d4 Bf6 11. Qf4 Na6 12. Nd1 Nd6 13. Ng3 g6 14. c3 Nc7 15. f3 Re8 16. Qd2 Bh4 17. Nf2 a5 18. a4 b6 19. Nd3 Ba6 20. Rd1 Ne6 21. Ne5 Bg5 22. Qf2 Bxc1 23. Raxc1 Qg5 24. Nxc6 Nf4 25. Ne5 h5 26. h4 Qxh4 27. Bc2 Qg5 28. Kh2 h4 29. Nf1 f6 30. Ne3 fxe5 31. dxe5 Rxe5 32. Rd2 Rae8 33. Re1 Rxe3 34. Rxe3 Rxe3 35. Qxe3 Bf1 36. Qxb6 Bxg2 37. Qb8+ Kg7 38. Qc7+ Kh6 39. Qb6 Qg3+ 40. Kg1 Nh3# 0-1

[Event "Balkan Youth Online-ch 2020"]
[Site "Online"]
[Date "2020.10.31"]
[Round "5.40"]
[White "Jordanov Mihail"]
[Black "Vaupot, Luka"]
[Result "1-0"]
[ECO "C06"]
[WhiteElo "2105"]
[BlackElo "2010"]
[Annotator "ChessBase"]
[PlyCount "61"]
[EventDate "2020.10.31"]
[EventType "swiss"]
[SourceTitle "playchess.com"]
[Source "ChessBase"]
[SourceQuality "1"]
[TimeControl "1500+5"]

1. e4 e6 2. d4 d5 3. Nd2 Nf6 4. e5 Nfd7 5. Bd3 c5 6. c3 Nc6 7. Ngf3 f6 8. exf6 Nxf6 9. O-O cxd4 10. cxd4 Bd6 11. Nb3 O-O 12. Bg5 e5 13. dxe5 Nxe5 14. Bc2 Kh8 15. Nbd4 Bg4 16. h3 Bxf3 17. Nxf3 Nxf3+ 18. Qxf3 Qb6 19. Qd3 Ne4 20. Be3 Bc5 21. Rae1 Rad8 22. f3 Nf6 23. Kh1 g6 24. Bg5 Qxb2 25. Rb1 Qe5 26. Bh6 Nh5 27. f4 Ng3+ 28. Qxg3 Qe2 29. Qc3+ d4 30. Qxc5 Rf5 31. Bxf5 1-0

[Event "Balkan Youth Online-ch 2020"]
[Site "Online"]
[Date "2020.10.31"]
[Round "5.42"]
[White "Terziev, Dimo"]
[Black "Dimov, Nikola"]
[Result "1-0"]
[ECO "B31"]
[WhiteElo "2123"]
[BlackElo "1771"]
[Annotator "RC"]
[PlyCount "111"]
[EventDate "2020.10.31"]
[EventType "swiss"]
[SourceTitle "playchess.com"]
[Source "ChessBase"]
[SourceQuality "1"]
[TimeControl "1500+5"]

1. e4 c5 2. Nf3 Nc6 3. Bb5 g6 4. Bxc6 bxc6 5. O-O Bg7 6. c3 d6 7. d4 cxd4 8. cxd4 Nf6 9. Nc3 O-O 10. h3 Be6 11. Be3 Re8 12. Qd2 Qc7 13. Rac1 Qb7 14. Rb1 Rab8 15. Bh6 Bc4 16. Rfd1 d5 17. Bxg7 Kxg7 18. b3 Bb5 19. e5 Ne4 20. Nxe4 dxe4 21. Nh2 Red8 22. Ng4 Rg8 23. Nh6 Rgf8 24. Ng4 Rg8 25. Re1 Bd3 26. Rbc1 Rbd8 27. Qh6+ Kh8 28. Qh4 Rxd4 29. e6 fxe6 30. Rc5 Rd5 31. Rec1 Bb5 32. Qg3 Qb8 33. Qc3+ Rg7 34. a4 Rxc5 35. Qxc5 Be2 36. Nh6 Qf4 37. Qe3 Qxe3 38. fxe3 g5 39. Kf2 Bd3 40. Rxc6 Rg6 41. Nf7+ Kg7 42. Ne5 Rf6+ 43. Kg3 h5 44. Rc7 h4+ 45. Kh2 Rf2 46. Rxe7+ Kf8 47. Rd7 Rd2 48. b4 Rb2 49. b5 Ra2 50. Rxa7 Re2 51. b6 Rb2 52. b7 Bf1 53. Ra8+ Ke7 54. b8=Q Rxg2+ 55. Kh1 Rg3 56. Qd8# 1-0

[Event "Balkan Youth Online-ch 2020"]
[Site "Online"]
[Date "2020.10.31"]
[Round "5.43"]
[White "Filippovskiy Nikita"]
[Black "Boci, Petro"]
[Result "0-1"]
[ECO "B33"]
[WhiteElo "1534"]
[BlackElo "1434"]
[Annotator "NA"]
[PlyCount "62"]
[EventDate "2020.10.31"]
[EventType "swiss"]
[SourceTitle "playchess.com"]
[Source "ChessBase"]
[SourceQuality "1"]
[TimeControl "1500+5"]

1. e4 c5 2. Nf3 Nc6 3. d4 cxd4 4. Nxd4 Nf6 5. Nc3 e5 6. Ndb5 d6 7. Nd5 Nxd5 8. exd5 Nb8 9. c4 Be7 10. Bd3 Nd7 11. Be3 a6 12. Nc3 Nf6 13. h3 O-O 14. Qc2 Bd7 15. g4 g6 16. Bh6 Re8 17. O-O-O b5 18. b3 bxc4 19. bxc4 Rb8 20. Kd2 Qa5 21. Rb1 Rbc8 22. Rb7 Rc5 23. Be3 Rcc8 24. g5 Nxd5 25. Rxd7 e4 26. cxd5 exd3 27. Qxd3 Rxc3 28. Qxc3 Qxd5+ 29. Bd4 Bxg5+ 30. Kc2 Qxa2+ 31. Kd1 Qe2# 0-1

[Event "Balkan Youth Online-ch 2020"]
[Site "Online"]
[Date "2020.10.31"]
[Round "5.44"]
[White "Cani, Dejvi"]
[Black "Mitkov, Simeon-Alekzander"]
[Result "1-0"]
[ECO "B42"]
[WhiteElo "1188"]
[BlackElo "1319"]
[Annotator "NA"]
[PlyCount "127"]
[EventDate "2020.10.31"]
[EventType "swiss"]
[SourceTitle "playchess.com"]
[Source "ChessBase"]
[SourceQuality "1"]
[TimeControl "1500+5"]

1. e4 c5 2. Nf3 e6 3. d4 cxd4 4. Nxd4 Nf6 5. Nc3 d6 6. Bd3 a6 7. O-O b5 8. a3 Bb7 9. Bg5 Be7 10. f4 h6 11. Bxf6 Bxf6 12. Nf3 Nd7 13. Qe2 O-O 14. Rad1 Qb6+ 15. Kh1 Rac8 16. Qd2 Nc5 17. Rde1 Nxd3 18. cxd3 a5 19. e5 dxe5 20. fxe5 Be7 21. Ne4 Bxe4 22. Rxe4 Qc6 23. Rg4 Kh8 24. Qf4 Qd5 25. Qg3 Rg8 26. Rd4 Qc5 27. Rd7 Rcd8 28. Rxd8 Rxd8 29. d4 Qc4 30. Nd2 Qc2 31. Rxf7 Bg5 32. Nf3 Qd1+ 33. Ng1 Qxd4 34. h3 Qh4 35. Qf3 Kg8 36. Rb7 Qf4 37. Rxb5 Qxf3 38. Nxf3 Bf4 39. Kg1 Rd1+ 40. Kf2 Rb1 41. g3 Bc1 42. b3 Bxa3 43. Nd4 Kf7 44. Rxa5 Bb2 45. Nf3 Bc3 46. Ra7+ Kg8 47. Rb7 Rd1 48. Ke3 Rd5 49. Ke4 g5 50. b4 Kf8 51. b5 Ba5 52. b6 Rb5 53. Rb8+ Ke7 54. b7 Bc7 55. Rh8 Rxb7 56. Rxh6 Rb4+ 57. Nd4 Bb6 58. Rxe6+ Kf7 59. Rd6 Bc5 60. Rd7+ Ke8 61. e6 Ra4 62. Ke5 Ra5 63. Nc6 Rb5 64. Rd8# 1-0

[Event "Balkan Youth Online-ch 2020"]
[Site "Online"]
[Date "2020.10.31"]
[Round "5.50"]
[White "Akdag, Omer Amir"]
[Black "Zvezdakoski Matej"]
[Result "1-0"]
[ECO "D05"]
[WhiteElo "1970"]
[BlackElo "1917"]
[Annotator "ChessBase"]
[PlyCount "77"]
[EventDate "2020.10.31"]
[EventType "swiss"]
[SourceTitle "playchess.com"]
[Source "ChessBase"]
[SourceQuality "1"]
[TimeControl "1500+5"]

1. d4 Nf6 2. Nf3 e6 3. e3 d5 4. Bd3 c5 5. b3 Be7 6. Bb2 O-O 7. O-O b6 8. Qe2 Bb7 9. Ne5 Nbd7 10. Nd2 Rc8 11. Rad1 Ne4 12. Bxe4 dxe4 13. Ndc4 b5 14. dxc5 Bd5 15. Nxd7 Qxd7 16. Ne5 Qb7 17. c4 bxc4 18. bxc4 Bc6 19. Rb1 Qc7 20. Bd4 f6 21. Nxc6 Qxc6 22. Rb5 e5 23. Bb2 Bxc5 24. Rd1 Rfd8 25. h3 Bb6 26. Rbd5 Rxd5 27. cxd5 Qc2 28. Rd2 Qb1+ 29. Kh2 Ba5 30. Qa6 Bxd2 31. Qxc8+ Kf7 32. Ba3 Bb4 33. d6 Bxa3 34. d7 Be7 35. Qe8+ Ke6 36. d8=Q Qb7 37. Qg8+ Kf5 38. g4+ Kg6 39. Qde8+ 1-0

[Event "Balkan Youth Online-ch 2020"]
[Site "Online"]
[Date "2020.10.31"]
[Round "5.51"]
[White "Iustin, Silviu"]
[Black "Eftovski, Mateo"]
[Result "1/2-1/2"]
[ECO "C54"]
[WhiteElo "1998"]
[BlackElo "1818"]
[Annotator "ChessBase"]
[PlyCount "102"]
[EventDate "2020.10.31"]
[EventType "swiss"]
[SourceTitle "playchess.com"]
[Source "ChessBase"]
[SourceQuality "1"]
[TimeControl "1500+5"]

1. e4 e5 2. Nf3 Nc6 3. Bc4 Bc5 4. c3 Nf6 5. d4 exd4 6. e5 d5 7. Bb5 Ne4 8. cxd4 Bb6 9. Nc3 O-O 10. Be3 Bg4 11. Bxc6 bxc6 12. Qc2 Bf5 13. Qa4 Nxc3 14. bxc3 Qd7 15. O-O Rae8 16. Qd1 Bg4 17. h3 Bh5 18. g4 Bg6 19. Nh4 f5 20. f4 Qe7 21. Nxg6 hxg6 22. g5 Kf7 23. Kg2 Rh8 24. a4 a5 25. Bc1 Rh4 26. Ba3 Qe6 27. Qd3 Reh8 28. Rf3 Rd8 29. Rb1 Rd7 30. Kg3 Rh5 31. h4 Rd8 32. Rf2 Rdh8 33. Rh2 Rd8 34. Qa6 Kg8 35. Rhb2 Kh7 36. Rxb6 cxb6 37. Rxb6 Rc8 38. Qxa5 Qd7 39. Bc5 Kg8 40. Qb4 Rh8 41. a5 Kh7 42. Rb7 Rc7 43. Rxc7 Qxc7 44. Bb6 Qb7 45. Qd6 Qa6 46. Kf2 Qd3 47. Qxc6 Qd2+ 48. Kf1 Qd1+ 49. Kf2 Qd2+ 50. Kf3 Qd3+ 51. Kf2 Qd2+ 1/2-1/2

[Event "Balkan Youth Online-ch 2020"]
[Site "Online"]
[Date "2020.10.31"]
[Round "5.54"]
[White "Bagas, Ana"]
[Black "Ciocirlan, Bianca-Alexandra"]
[Result "0-1"]
[ECO "C54"]
[WhiteElo "1589"]
[BlackElo "1038"]
[Annotator "NA"]
[PlyCount "80"]
[EventDate "2020.10.31"]
[EventType "swiss"]
[SourceTitle "playchess.com"]
[Source "ChessBase"]
[SourceQuality "1"]
[TimeControl "1500+5"]

1. e4 e5 2. Nf3 Nc6 3. Bc4 Bc5 4. d3 h6 5. c3 Nf6 6. Nbd2 O-O 7. O-O d6 8. Re1 Be6 9. Bb5 Qd7 10. Nf1 a6 11. Ba4 b5 12. Bc2 d5 13. exd5 Bxd5 14. Nxe5 Nxe5 15. Rxe5 Bxf2+ 16. Kh1 Bb7 17. d4 Rfe8 18. Qe2 Ng4 19. Bf4 Nxe5 20. dxe5 Bb6 21. Ne3 Bxe3 22. Qxe3 Qe6 23. Qg3 Rad8 24. Bb3 Bd5 25. Bxd5 Rxd5 26. Rf1 Red8 27. h3 Rd1 28. Rxd1 Rxd1+ 29. Kh2 Rd7 30. Qf3 Rd5 31. Qe2 Qf5 32. Qf3 Rd8 33. Qe3 Rd3 34. Qc1 c5 35. b4 cxb4 36. cxb4 Rd4 37. Bg3 Rxb4 38. Qa3 Ra4 39. Qb3 Qe6 40. Qd3 Rxa2 0-1

[Event "Balkan Youth Online-ch 2020"]
[Site "Online"]
[Date "2020.10.31"]
[Round "5.55"]
[White "Beber, Anja"]
[Black "Caku, Kler"]
[Result "1/2-1/2"]
[ECO "C52"]
[WhiteElo "1285"]
[BlackElo "1199"]
[Annotator "NA"]
[PlyCount "96"]
[EventDate "2020.10.31"]
[EventType "swiss"]
[SourceTitle "playchess.com"]
[Source "ChessBase"]
[SourceQuality "1"]
[TimeControl "1500+5"]

1. e4 e5 2. Nf3 Nc6 3. Bc4 Bc5 4. b4 Bxb4 5. c3 Ba5 6. d4 exd4 7. O-O Nge7 8. Ng5 d5 9. exd5 Ne5 10. Qa4+ Bd7 11. Qxa5 Nxc4 12. Qb4 Nd6 13. Qxd4 O-O 14. Qd3 Ng6 15. c4 h6 16. Nf3 Qf6 17. Qc3 Qxc3 18. Nxc3 Nxc4 19. Rb1 b6 20. Ne4 Bf5 21. Re1 Rfe8 22. Rb4 Bxe4 23. Rxc4 Bxd5 24. Rxe8+ Rxe8 25. Rxc7 Re2 26. a3 Nh4 27. Kf1 Bxf3 28. gxf3 Ra2 29. Rxa7 Ra1 30. Rc7 Nxf3 31. Kg2 Ne1+ 32. Kg3 Nd3 33. Be3 Rxa3 34. Rb7 Nb2 35. Kg2 Nc4 36. Bxb6 Rb3 37. Rb8+ Kh7 38. Bc7 Rc3 39. Rb7 Kg6 40. Bg3 Rc2 41. Rb3 Nd2 42. Rb6+ f6 43. Re6 Rc4 44. Re2 Ne4 45. Bb8 Ng5 46. Bg3 Ne4 47. Bb8 Ng5 48. Bg3 Ne4 1/2-1/2

[Event "Balkan Youth Online-ch 2020"]
[Site "Online"]
[Date "2020.10.31"]
[Round "5.57"]
[White "Yurt, Nehir"]
[Black "Levstik Taja"]
[Result "1-0"]
[ECO "C47"]
[WhiteElo "1230"]
[BlackElo "1342"]
[Annotator "NA"]
[PlyCount "61"]
[EventDate "2020.10.31"]
[EventType "swiss"]
[SourceTitle "playchess.com"]
[Source "ChessBase"]
[SourceQuality "1"]
[TimeControl "1500+5"]

1. e4 e5 2. Nf3 Nc6 3. Nc3 Nf6 4. d4 exd4 5. Nxd4 Bb4 6. Nxc6 bxc6 7. Qf3 d5 8. exd5 cxd5 9. Bd2 O-O 10. Be2 Bg4 11. Qd3 Bxe2 12. Nxe2 Qd6 13. O-O Ng4 14. Ng3 Bxd2 15. Qxd2 Rfe8 16. h3 Nf6 17. Rfe1 Qb6 18. Qc3 d4 19. Qb3 Qc6 20. Nf5 Rad8 21. Ne7+ Rxe7 22. Rxe7 Rf8 23. Rae1 Nh5 24. R1e4 Qf6 25. Qf3 Qb6 26. Qxh5 Qxb2 27. Qc5 c6 28. Re8 h6 29. Rxf8+ Kh7 30. Qf5+ g6 31. Qxf7# 1-0